 Dungeon Crawl Stone Soup version 0.23-a0-32-g1388f29 (webtiles) character file.

276 inc the Magician (level 6, -4/41 HPs)
             Began as a Mummy Fire Elementalist on Aug 4, 2018.
             Was a Follower of Cheibriados.
             Killed from afar by an orc wizard (8 damage)
             ... with a magic dart
             ... on level 3 of the Dungeon.
             The game lasted 00:04:32 (2943 turns).

inc the Magician (Mummy Fire Elementalist)          Turns: 2943, Time: 00:04:33

Health: -4/41      AC:  2    Str: 14    XL:     6   Next: 4%
Magic:  1/12       EV: 12    Int: 18    God:    Cheibriados [*.....]
Gold:   77         SH:  0    Dex: 14    Spells: 5/13 levels left

rFire    x . .     SeeInvis .   b - +2 dagger (protect)
rCold    + . .     Gourm    .   (no shield)
rNeg     + + +     Faith    .   a - +0 robe
rPois    ∞         Spirit   .   (no helmet)
rElec    .         Reflect  .   (no cloak)
rCorr    .         Harm     .   (no gloves)
MR       .....                  (no boots)
Stlth    ++........             (no amulet)
HPRegen  0.13/turn              (no ring)
MPRegen  0.13/turn              (no ring)

@: very slightly contaminated, slowed, very slow
A: no food or potions, fire vulnerability, cold resistance 1, negative energy
resistance 3, torment resistance, unbreathing
a: Bend Time, Renounce Religion


You were on level 3 of the Dungeon.
You worshipped Cheibriados.
Cheibriados was aware of your devotion.
You were not hungry.

You visited 1 branch of the dungeon, and saw 3 of its levels.

You collected 77 gold pieces.

Inventory:

Hand Weapons
 b - a +2 dagger of protection (weapon)
Armour
 a - a +0 robe (worn)
Scrolls
 c - 2 scrolls of magic mapping
 d - 5 scrolls of teleportation {unknown}


   Skills:
 - Level 1.5 Dodging
 - Level 1.5 Stealth
 + Level 4.1 Spellcasting
 + Level 3.9 Conjurations
 + Level 3.2 Fire Magic


You had 5 spell levels left.
You knew the following spells:

 Your Spells              Type           Power        Failure   Level  Hunger
a - Flame Tongue          Conj/Fire      ###..        3%          1    N/A
b - Conjure Flame         Conj/Fire      ###.....     10%         3    N/A
c - Sticky Flame          Conj/Fire      ###.....     32%         4    N/A

Your spell library contained the following spells:

 Spells                   Type           Power        Failure   Level  Hunger
 Fireball                 Conj/Fire      ###.......   67%         5    N/A
 Throw Flame              Conj/Fire      ###...       4%          2    N/A
 Inner Flame              Hex/Fire       #.......     22%         3    N/A

Dungeon Overview and Level Annotations

Branches:
Dungeon (3/15)

Altars:
Cheibriados
Hepliaklqana
Kikubaaqudgha
Makhleb
Nemelex Xobeh
Okawaru
Qazlal
Ru
Trog
Uskayaw
Vehumet
Wu Jian
The Shining One


Innate Abilities, Weirdness & Mutations

You do not eat or drink.
Your flesh is vulnerable to fire.
You are immune to poison.
Your flesh is cold resistant. (rC+)
You are immune to negative energy. (rN+++)
You are immune to unholy pain and torment.
You can survive without breathing.


Message History

The orc wizard barely misses you.
The orc wizard hits you but does no damage.
Unknown command.
Unknown command.
Casting: Flame Tongue (safe; 3% risk of failure)
Confirm with . or Enter, or press ? or * to list all spells.
You don't have enough magic to cast that spell.
You hit the orc wizard.
Your weapon exudes an aura of protection.
The orc wizard is almost dead.
The orc wizard hits you but does no damage.
The orc wizard mumbles some strange words.
The orc wizard blinks!
Unknown command.
Okay, then.
As you read the scroll labeled ATIREL QOAN, it crumbles to dust.
You feel aware of your surroundings.
It was a scroll of magic mapping.
The orc wizard points at you and mumbles some strange words.
The magic dart hits you!
You die...

*...........#.....#.#...
*.................#'#...
*........##.#...<.......
*........##.#...........
*........##.#..........o
*.........#.#..(.##.#o.o
*####.###.#.#..†..#.####
*,...#...#.#.........##
#.##*#@###<#.........#.
*###,** #.#.#,#.........#.
*.....###o..#,#....(....#.
*......))...#.#....######.
*...........#.............
*
*......####.###....######.
* *.o..o.* *.# #....#
#.... * *.....,* *.#
#....# #.###
********.....,* *.# #....#
#.###


You could see an orc wizard.

Vanquished Creatures
  An orc priest (D:3)
  Jessica (D:2)
  2 orc wizards (D:3)
  A worker ant (D:3)
  3 gnolls (D:3)
  6 adders (D:2)
  An ooze (D:2)
  2 dart slugs (D:2)
  2 leopard geckos
  6 orcs (D:3)
  4 bats
  A giant cockroach (D:3)
  3 goblins
  8 hobgoblins
  2 jackals (D:1)
  3 kobolds
  2 frilled lizards (D:2)
  11 rats
59 creatures vanquished.

Notes
Turn   | Place    | Note
-------+----------+-------------------------------------------
     0 | D:1      | inc the Mummy Fire Elementalist began the quest for the Orb.
     0 | D:1      | Reached XP level 1. HP: 13/13 MP: 4/4
    17 | D:1      | Reached skill level 1 in Conjurations
   249 | D:1      | Reached XP level 2. HP: 19/19 MP: 1/5
   796 | D:2      | Reached XP level 3. HP: 24/24 MP: 4/7
  1257 | D:2      | Found a hazy altar of Hepliaklqana.
  1260 | D:2      | Found a snail-covered altar of Cheibriados.
  1261 | D:2      | Found a sparkling altar of Nemelex Xobeh.
  1262 | D:2      | Found a radiant altar of Vehumet.
  1262 | D:2      | Found an ornate altar of the Wu Jian Council.
  1262 | D:2      | Found a sacrificial altar of Ru.
  1262 | D:2      | Found an ancient bone altar of Kikubaaqudgha.
  1262 | D:2      | Found a stormy altar of Qazlal.
  1263 | D:2      | Found a bloodstained altar of Trog.
  1265 | D:2      | Found a burning altar of Makhleb.
  1266 | D:2      | Found a hide-covered altar of Uskayaw.
  1267 | D:2      | Found a glowing golden altar of the Shining One.
  1272 | D:2      | Found an iron altar of Okawaru.
  1288 | D:2      | Became a worshipper of Cheibriados the Contemplative
  1420 | D:2      | Reached XP level 4. HP: 23/30 MP: 3/8
  1683 | D:2      | Noticed Jessica
  1689 | D:2      | Killed Jessica
  1689 | D:2      | Reached skill level 3 in Spellcasting
  2133 | D:3      | Reached XP level 5. HP: 35/35 MP: 0/10
  2213 | D:3      | Learned a level 3 spell: Conjure Flame
  2218 | D:3      | Learned a level 4 spell: Sticky Flame
  2812 | D:3      | Reached skill level 4 in Spellcasting
  2821 | D:3      | Reached * piety under Cheibriados
  2931 | D:3      | Reached XP level 6. HP: 36/41 MP: 5/12
  2943 | D:3      | Killed from afar by an orc wizard

Vault maps used:
D:1:      ncdulo_wetmaze
D:2:      minitemple, uniq_jessica
D:3:      uniq_natasha, uniq_robin

Skill      XL: |  1  2  3  4  5 |
---------------+----------------+-----
Conjurations   | 1 2 3 |  3.9
Spellcasting   | 3 4 |  4.1
Fire Magic     | 3 |  3.2
Dodging        | |  1.5
Stealth        | |  1.5

Action                   |  1- 3 |  4- 6 || total
-------------------------+-------+-------++-------
Melee: Dagger            |     8 |     5 ||    13
 Cast: Flame Tongue      |    58 |    70 ||   128
       Sticky Flame      |       |     1 ||     1
  Use: Scroll            |       |     1 ||     1
Armor: Robe              |    10 |    14 ||    24
Dodge: Dodged            |    18 |    33 ||    51

Table legend:
 A = Spawn XP
 B = Non-spawn XP
 C = Spawn XP percentage of total XP
 D = Spawn monster count
 E = Non-spawn monster count
 F = Spawn count percentage of total count
 G = Total turns spent on level
                    A         B        C        D         E        F      G
               +---------+---------+-------+---------+---------+-------+---------
         Total |       0 |     395 |   0.0 |       0 |      59 |   0.0 |  2943
               +---------+---------+-------+---------+---------+-------+---------
           D:1 |       0 |      23 |   0.0 |       0 |      15 |   0.0 |   712
           D:2 |       0 |     159 |   0.0 |       0 |      27 |   0.0 |  1687
           D:3 |       0 |     213 |   0.0 |       0 |      17 |   0.0 |   544
               +---------+---------+-------+---------+---------+-------+---------
